 Dungeon Crawl Stone Soup version 0.17.0-27-g4a3f43e (webtiles) character file.

952 Gorice the Cudgeler (level 7, -5/54 HPs)
             Began as a Demonspawn Wanderer on Nov 21, 2015.
             Killed from afar by septik's ghost (13 damage)
             ... with a stone arrow
             ... on level 6 of the Dungeon.
             The game lasted 00:24:17 (6427 turns).

Gorice the Cudgeler (Demonspawn Wanderer)           Turns: 6427, Time: 00:24:17

Health: -5/54      AC: 15    Str: 14    XL:     7   Next: 90%
Magic:  8/8        EV:  7    Int: 14    God:
Gold:   206        SH:  0    Dex: 15    Spells: 0 memorised, 8 levels left

rFire  . . .     SeeInvis .     a - +1 hand axe (elec)
rCold  . . .     Clarity  .     R - +0 plate armour
rNeg   . . .     SustAt   .     (no shield)
rPois  .         Gourm    .     (helmet restricted)
rElec  .         Spirit   .     y - +1 cloak
rCorr  .         Warding  .     (no gloves)
rMut   +         Stasis   .     (no boots)
MR     .....                    l - amulet of resist mutation
Stlth  ..........               J - +3 ring of strength
                                k - +3 ring of evasion

@: not resistant to hostile enchantments, extremely unstealthy
A: horns 1, rugged brown scales 2, rot immunity
a: no special abilities


You were on level 6 of the Dungeon.
You were not hungry.

You visited 1 branch of the dungeon, and saw 6 of its levels.

You collected 206 gold pieces.

Inventory:

Hand Weapons
 a - a +1 hand axe of electrocution (weapon)
   (You took it off an orc on level 3 of the Dungeon)
 b - a +0 hunting sling
 c - a +0 dagger
 q - a +1 morningstar
 w - a +0 flail
 z - a +0 war axe
 A - a +2 hand axe of chopping
   (You took it off Terence on level 3 of the Dungeon)
 B - a +0 blowgun
 I - a +0 great sword
Missiles
 n - 46 sling bullets
 t - 36 bolts
 K - a steel tomahawk (quivered)
 L - 8 javelins
 M - 2 tomahawks
 Q - 5 poisoned needles
 U - 6 poisoned sling bullets
 Z - 84 stones
Armour
 h - a +0 chain mail
 u - a +0 ring mail
 v - a +0 scale mail
 y - a +1 cloak (worn)
 F - the +0 leather armour of the Enchanted Forest {+Blink rF++ Str+3 Dex-2}
   (You found it on level 4 of the Dungeon)

   It affects your strength (+3).
   It affects your dexterity (-2).
   It greatly protects you from fire.
   It lets you blink.
 R - a +0 plate armour (worn)
Jewellery
 k - a +3 ring of evasion (left hand)
 l - an amulet of resist mutation (around neck)
 J - a +3 ring of strength (right hand)
Wands
 x - a wand of magic darts (13)
 H - a wand of polymorph (11)
Scrolls
 f - 4 scrolls of identify
 i - 5 scrolls of remove curse
 D - 2 scrolls of magic mapping {!r}
 G - 2 scrolls of amnesia
Potions
 j - 6 potions of heal wounds {!q}
 m - 6 potions of curing
 p - a potion of ambrosia {!q}
 C - 2 potions of agility {!q}
 N - a potion of flight
 O - a potion of haste {!q}
 P - a potion of brilliance {!q}
Books
 d - a book of Changes
Comestibles
 e - 4 bread rations {!e}
 g - 2 slices of pizza
 o - 6 meat rations {!e}
 r - a royal jelly
 s - 2 fruits
 E - 4 beef jerkies
 T - a chunk of flesh


   Skills:
 - Level 3.6 Fighting
 * Level 7.8 Maces & Flails
 - Level 3.0 Armour
   Level 1.0 Shields
 - Level 1.0 Spellcasting
   Level 1.7 Transmutations
 - Level 1.0 Evocations


You had 8 spell levels left.
You didn't know any spells.

Dungeon Overview and Level Annotations

Branches:
Dungeon (6/15)
 Temple: D:4-7

Altars:
Ashenzari
Cheibriados
Gozag
Qazlal
Ru
Yredelemnul

Annotations:
D:4 septik's ghost, amateur GrEE
D:6 septik's ghost, amateur GrEE


Innate Abilities, Weirdness & Mutations

You have a pair of small horns on your head.
You are mostly covered in rugged brown scales (AC +2, +5% HP).
You are immune to rotting.


Message History

Septik's ghost is lightly damaged.
Throwing (i - inventory. (,) - cycle):
K - 3 steel tomahawks (quivered)
Press: ? - help, Shift-Dir - straight line, f/p - septik's ghost
Aim: septik's ghost (lightly damaged)
You throw a steel tomahawk.
The steel tomahawk barely misses septik's ghost.
Throwing (i - inventory. (,) - cycle):
K - 2 steel tomahawks (quivered)
Press: ? - help, Shift-Dir - straight line, f/p - septik's ghost
Aim: septik's ghost (lightly damaged)
You throw a steel tomahawk.
The steel tomahawk barely misses septik's ghost.
You slash septik's ghost!
Septik's ghost is moderately damaged.
Septik's ghost hits you but does no damage.
You barely miss septik's ghost.
Septik's ghost is moderately damaged.
Septik's ghost gestures at you while chanting.
The stone arrow hits you!
Damage: 21 (max 21)
You hit septik's ghost but do no damage.
You headbutt septik's ghost, but do no damage.
Septik's ghost is moderately damaged.
Septik's ghost hits you.
Damage: 2 (max 21)
You hit septik's ghost but do no damage.
Septik's ghost is moderately damaged.
Septik's ghost hits you but does no damage.
You hit septik's ghost but do no damage.
Septik's ghost is moderately damaged.
Septik's ghost hits you but does no damage.
You hit septik's ghost but do no damage.
Septik's ghost is moderately damaged.
Septik's ghost points at you and mumbles some strange words.
The rocky blast hits you!
You hit septik's ghost but do no damage.
Your headbutt misses septik's ghost.
Septik's ghost is moderately damaged.
Septik's ghost hits you but does no damage.
You hit septik's ghost but do no damage.
Your headbutt misses septik's ghost.
Septik's ghost is moderately damaged.
Septik's ghost casts a spell at you. The stone arrow hits you!
* * * LOW HITPOINT WARNING * * *
Septik's ghost hits you.
* * * LOW HITPOINT WARNING * * *
Damage: 24 (max 24) Septik's ghost casts a spell at you.
The stone arrow hits you!
You die...

............####'##.....#######
.....)......##..........##....#
............##..........##.##.#
............##.............##.#
............##.....###+#.#.##.#
...........#####..###.#..<##.#
..........# ##.....######.#
..........######.....##.....#
.....(((....@........##.#####
........(.W....)#..#.##.#
................##.#.##.#
..........########...##.#
..........# #.......#
..........# #.....#.#
[.(.......# #.....#.#
########### #...>.#.# #######.#


You could see septik's ghost.

Vanquished Creatures
  2 centaurs (D:5)
  The ghost of septik the Chiller, an amateur MfIE (D:3)
  A big kobold (D:5)
  A giant frog (D:2)
  A scorpion (D:5)
  A crimson imp (D:5)
  2 orc priests (D:3)
  A hound (D:3)
  A jelly (D:6)
  3 orc wizards
  3 worker ants (D:4)
  Terence (D:3)
  An iguana (D:5)
  5 adders
  A shadow imp (D:6)
  2 worms
  5 giant geckos
  19 orcs
  2 ball pythons (D:5)
  8 bats
  4 giant cockroaches
  9 goblins
  7 hobgoblins
  4 jackals
  4 quokkas
  A ball python zombie (D:5)
  4 giant newts
  16 kobolds
  5 rats
115 creatures vanquished.

Notes
Turn   | Place    | Note
--------------------------------------------------------------
     0 | D:1      | Gorice the Demonspawn Wanderer began the quest for the Orb.
     0 | D:1      | Gorice set off with: a book of Changes, a +0 ring mail, a potion of lignification {!q}, a +0 dagger, a bread ration {!e}
     0 | D:1      | Reached XP level 1. HP: 13/13 MP: 2/2
   268 | D:1      | Reached skill level 1 in Fighting
   383 | D:1      | Gained mutation: You are partially covered in rugged brown scales (AC +1, +3% HP). [demonic ancestry]
   383 | D:1      | Reached XP level 2. HP: 15/21 MP: 3/3
   559 | D:1      | HP: 5/21 [goblin/dagger (5)]
   855 | D:1      | Reached skill level 2 in Fighting
  1246 | D:2      | Gained mutation: You have a pair of small horns on your head. [demonic ancestry]
  1246 | D:2      | Reached XP level 3. HP: 27/27 MP: 4/4
  1384 | D:2      | Reached skill level 2 in Armour
  1668 | D:2      | HP: 8/28 [poisoned by an adder]
  2203 | D:3      | Noticed Terence
  2241 | D:3      | Killed Terence
  2241 | D:3      | Reached skill level 3 in Fighting
  2241 | D:3      | Reached XP level 4. HP: 30/36 MP: 5/5
  2545 | D:3      | HP: 9/36 [orc priest/divine providence (13)]
  2551 | D:3      | HP: 9/36 [orc (1)]
  2779 | D:3      | Reached skill level 3 in Armour
  2779 | D:3      | Gained mutation: You are immune to rotting. [demonic ancestry]
  2779 | D:3      | Reached XP level 5. HP: 32/42 MP: 6/6
  2905 | D:3      | Found a sacrificial altar of Ru.
  3112 | D:3      | Noticed septik's ghost (amateur MfIE)
  3233 | D:3      | Found a stormy altar of Qazlal.
  3424 | D:3      | Reached skill level 4 in Maces & Flails
  3433 | D:3      | Found an opulent altar of Gozag.
  3839 | D:2      | Gained mutation: You are mostly covered in rugged brown scales (AC +2, +5% HP). [demonic ancestry]
  3839 | D:2      | Reached XP level 6. HP: 37/49 MP: 7/7
  3932 | D:3      | Killed septik's ghost
  3932 | D:3      | Reached skill level 5 in Maces & Flails
  4275 | D:4      | Noticed septik's ghost (amateur GrEE)
  4974 | D:4      | Found a basalt altar of Yredelemnul.
  4976 | D:4      | Got a scorched leather armour
  4987 | D:4      | Identified the cursed +0 leather armour of the Enchanted Forest {+Blink rF++ Str+3 Dex-2} (You found it on level 4 of the Dungeon)
  5303 | D:5      | Entered Level 5 of the Dungeon
  5450 | D:5      | Reached skill level 6 in Maces & Flails
  5450 | D:5      | Reached XP level 7. HP: 54/54 MP: 8/8
  5633 | D:5      | Found a snail-covered altar of Cheibriados.
  5832 | D:5      | Reached skill level 7 in Maces & Flails
  5873 | D:5      | Found a shattered altar of Ashenzari.
  6425 | D:6      | HP: 13/54 [septik's ghost/stone arrow (19)]
  6427 | D:6      | Killed from afar by septik's ghost

Action                   |  1- 3 |  4- 6 |  7- 9 || total
-------------------------+-------+-------+-------++-------
Melee: Dagger            |   281 |     8 |       ||   289
       Hand axe          |       |   159 |   113 ||   272
       Morningstar       |       |    33 |       ||    33
 Fire: Hunting sling     |     5 |       |       ||     5
       Blowgun           |       |       |     5 ||     5
Throw: Stone             |    11 |       |       ||    11
       Tomahawk          |       |       |     9 ||     9
Evoke: Wand              |       |       |     1 ||     1
  Use: Scroll            |     6 |     5 |     5 ||    16
       Potion            |     1 |       |       ||     1
  Eat: Chunk             |     4 |    11 |     3 ||    18

Table legend:
 A = Turns spent in this place as a percentage of turns spent in the entire game.
 B = Non-inter-level travel turns spent in this place as a percentage of non-inter-level travel turns spent in the entire game.
 C = Inter-level travel turns spent in this place as a percentage of turns spent in this place.
 D = Turns resting spent in this place as a percentage of non-inter-level travel turns spent in this place.
 E = Turns spent auto-exploring this place as a percentage of non-inter-level travel turns spent in this place.
 F = Non-inter-level travel turns spent in this place divided by the number of levels of this place that you've seen.
                   A       B       C       D       E      F
               +-------+-------+-------+-------+-------+----------------------
         Total | 100.0 | 100.0 |   0.6 |   1.4 |   4.7 | 378.3
       Dungeon | 100.0 | 100.0 |   0.6 |   1.4 |   4.7 | 378.3
               +-------+-------+-------+-------+-------+----------------------

Vault maps used:
D:1:      dpeg_arrival_shelter
D:3:      lemuel_crystal_altar, lemuel_round_altar,
          lemuel_coloured_pillars_altar, uniq_terence
D:4:      yredelemnul_altar_generic, first_bread
D:5:      slow_altar_1, nicolae_ashenzari_panopticon
D:6:      minmay_temple_entry_from_below_a, minmay_misc_feat_alley
